 Dungeon Crawl Stone Soup version 0.32-a0-484-g2eb335deba (webtiles) character file.

Game seed: 1996372056443418104

6662 Alarak the Placeless Djinni (level 11, -9/65 HPs)
             Began as a Djinni Necromancer on Feb 26, 2024.
             Mangled by an orc warrior
             ... wielding a +8 trident
              (12 damage)
             ... on level 8 of the Dungeon on Feb 27, 2024.
             The game lasted 00:36:45 (8840 turns).

Alarak the Placeless Djinni (Djinni Necromancer)    Turns: 8840, Time: 00:36:46

Health: -9/65      AC:  9    Str: 13    XL:     11   Next: 22%
Gold:   646        EV: 13    Int: 26    God:
                   SH:  0    Dex: 13

rFire   + + .        D - +5 hammer "Muoxuob" {flame, ^Drain rCorr Int+4}
rCold   x . .        G - +0 buckler
rNeg    . . .        w - +0 leather armour
rPois   ∞            y - +1 helmet
rElec   .            t - +2 cloak
rCorr   +            (no gloves)
SInv    .            (boots unavailable)
Will    ++...        f - amulet of reflection
Stlth   +            d - ring of willpower
HPRegen 0.30/turn    s - +6 ring of strength
MPRegen 0.00/turn

%: reflection, infuse magic (-10 HP)
@: confused, ambrosia-drunk, spiked, animating dead (expiring), flying, studying
Translocations
A: sickness immunity, fire resistance 2, cold vulnerability 1, float, innate
caster, HP casting, extra vitality 1
a: no special abilities


You were on level 8 of the Dungeon.
You visited 1 branch of the dungeon, and saw 8 of its levels.
You also visited: Bailey.

You collected 646 gold pieces.

Inventory:

Hand Weapons
 D - the +5 hammer "Muoxuob" (weapon) {flame, ^Drain rCorr Int+4}
   (You found it on level 5 of the Dungeon)

   Int+4:     It affects your intelligence (+4).
   rCorr:     It protects you from acid and corrosion.
   ^Drain:    It drains your maximum health when unequipped.
 J - a +9 battleaxe
Armour
 t - a +2 cloak (worn)
 v - +0 storm dragon scales
 w - a +0 leather armour (worn)
 x - a +0 ring mail
 y - a +1 helmet (worn)
 G - a +0 buckler (worn)
Jewellery
 d - a ring of willpower (left hand)
 f - an amulet of reflection (around neck)
 q - an amulet of the acrobat
 s - a +6 ring of strength (right hand)
Wands
 m - a wand of quicksilver (10)
 r - a wand of roots (20)
 F - a wand of mindburst (13)
 K - a wand of flame (13)
Scrolls
 b - a scroll of identify
 c - 2 scrolls of blinking
 e - 4 scrolls of teleportation
 i - a scroll of poison
 o - 2 scrolls of fog
 B - 2 scrolls of enchant armour
 C - 2 scrolls of revelation
 H - a scroll of butterflies
 L - a scroll of torment
Potions
 a - a potion of resistance
 g - 3 potions of enlightenment
 h - 5 potions of curing
 k - 6 potions of haste
 l - 2 potions of attraction
 n - 2 potions of degeneration
 p - a potion of experience
 u - a potion of might
 z - a potion of cancellation
 A - 2 potions of mutation
 E - 3 potions of magic
Miscellaneous
 I - a sack of spiders


   Skills:
 - Level 5.0 Armour
 + Level 6.8 Dodging
 - Level 1.5 Stealth
 - Level 11.9 Spellcasting
 - Level 11.9 Conjurations
 - Level 11.9 Hexes
 - Level 11.9 Summonings
 - Level 11.9 Necromancy
 - Level 14.6 Translocations
 - Level 11.9 Fire Magic
 - Level 11.9 Ice Magic
 - Level 11.9 Air Magic
 - Level 11.9 Earth Magic
 - Level 11.9 Alchemy


You knew the following spells:

 Your Spells              Type           Power      Damage    Failure   Level
a - Necrotise             Necr           100%       1d9       1%          1
b - Vampiric Draining     Necr           67%        2d10      1%          3
c - Animate Dead          Necr           67%        N/A       1%          4
d - Curse of Agony        Necr           67%        N/A       1%          5
e - Magic Dart            Conj           100%       1d8       1%          1
f - Mercury Vapours       Alch/Air       100%       N/A       1%          2
g - Searing Ray           Conj           100%       2d8       1%          2
h - Dimensional Bullseye  Hex/Tloc       35%        N/A       1%          4
i - Animate Armour        Summ/Erth      100%       N/A       1%          4
Your spell library was empty.

Dungeon Overview and Level Annotations

Branches:
Dungeon (8/15)             Temple (0/1) D:6          Bailey (visited)
   Lair: D:8-11

Altars:
Elyvilon
Hepliaklqana
Nemelex Xobeh
Okawaru
The Shining One

Shops:
D:6 :


Innate Abilities, Weirdness & Mutations

You are immune to sickness and miasma.
You are immune to poison.
Your flesh is very heat resistant. (rF++)
You are vulnerable to cold. (rC-)
You float through the air rather than walking.
You learn spells naturally, not from books.
Your magical power is your life essence.
You have superior vitality. (+4 MHP)


Message History

The red devil hits you from afar with a +0 trident.
* * * LOW HITPOINT WARNING * * *
Barbed spikes become lodged in your body.
You block the killer bee's attack.
Casting: Vampiric Draining (safe; 1% risk of failure)
Confirm with . or Enter, or press ? or * to list all spells.
Aiming: Vampiric Draining (safe; 1% risk of failure)
Press: ? - help, Shift-Dir - straight line, f/p - killer bee
Aim: a killer bee (lightly wounded, ally target)
You draw life force from the killer bee!
You feel life coursing into your body.
* * * LOW HITPOINT WARNING * * *
Your killer bee zombie hits the killer bee!
The killer bee dies!
The dead are flying!
The killer bee stings you but does no damage.
You block the red devil's attack. The killer bee stings you.
* * * LOW HITPOINT WARNING * * *
Casting: Vampiric Draining (safe; 1% risk of failure)
Confirm with . or Enter, or press ? or * to list all spells.
Aiming: Vampiric Draining (safe; 1% risk of failure)
Press: ? - help, Shift-Dir - straight line, f - killer bee
Aim: a killer bee (ally target)
You draw life force from the killer bee!!
You kill the killer bee!
You feel life coursing into your body!
* * * LOW HITPOINT WARNING * * *
The dead are flying!
Your killer bee zombie barely misses the red devil. x2
A shadow imp comes into view.
You block the orc warrior's attack. You block the red devil's attack.
You are confused.
You feel invigorated.
Your killer bee zombie hits the red devil but does no damage. x3
Your killer bee zombie closely misses the red devil. x2
The red devil hits you from afar with a +0 trident!
* * * LOW HITPOINT WARNING * * *
Barbed spikes become lodged in your body.
The orc warrior hits you from afar with a +8 trident!
You die...

#.$ # . $. .#
.5 .$ ##.#
#§§ #. #...#
..≈. #Z ..≈.#
.§≈§.#4#o≈≈.#
.....ZZ.....#
#@# #Z## #.†#
#..# ##.# #.#
#[# #.# #.##


You could see a red devil (ally target), an orc warrior, a shadow imp and 4
friendly killer bee zombies.

Vanquished Creatures
  An orc warlord (Bailey)
  2 red devils (D:8)
  Sigmund (D:5)
  Eustachio (D:3)
  A steam dragon (D:8)
  An acid dragon (D:7)
  A water moccasin (D:8)
  Pargi (D:3)
  14 orc warriors
  2 sky beasts (D:7)
  2 ice beasts (D:6)
  2 ogres
  2 phantoms
  A kobold brigand (D:6)
  2 bullfrogs
  A gnoll sergeant (D:5)
  4 scorpions
  7 wights (D:6)
  5 killer bees (D:8)
  2 howler monkeys
  A gnoll bouda (D:7)
  3 hounds
  4 bombardier beetles
  Crazy Yiuf (D:5)
  4 orc priests
  5 iguanas
  9 orc wizards
  15 gnolls
  11 adders
  A shadow imp (D:5)
  A white imp (D:7)
  2 ufetubi (D:5)
  4 dart slugs
  2 ribbon worms (D:2)
  46 orcs
  4 endoplasms
  6 giant cockroaches
  14 hobgoblins
  8 jackals (D:3)
  3 quokkas
  6 bats
  17 goblins
  21 kobolds
  5 rats
246 creatures vanquished.

Vanquished Creatures (collateral kills)
  A bullfrog (D:7)
  A wight (D:6)
  A killer bee (D:8)
  A bombardier beetle (D:7)
  An orc priest (D:7)
  2 gnolls
  4 orcs
  A hobgoblin (Bailey)
  6 kobolds (D:6)
  2 rats (D:1)
20 creatures vanquished.

Vanquished Creatures (others)
  A water moccasin zombie (D:8)
  A bullfrog zombie (D:8)
  A killer bee zombie (D:8)
  An ogre zombie (D:6)
  11 gnoll zombies
  A goblin zombie (Bailey)
  3 hobgoblin zombies (Bailey)
  A kobold zombie (D:7)
  22 orc zombies
42 creatures vanquished.

Grand Total: 308 creatures vanquished

Notes
Turn   | Place    | Note
-------+----------+-------------------------------------------
     0 | D:1      | Alarak the Djinni Necromancer began the quest for the Orb.
     0 | D:1      | Alarak set off with the following spells memorised:
                  | Necrotise, Vampiric Draining, Animate Dead, Curse of Agony.
     0 | D:1      | Reached XP level 1. HP: 15/15 MP: 0/0
   208 | D:1      | Reached XP level 2. HP: 19/21 MP: 0/0
   520 | D:1      | Reached skill level 4 in Translocations
   696 | D:2      | Reached XP level 3. HP: 18/25 MP: 0/0
   696 | D:2      | Learned a level 1 spell: Magic Dart
   976 | D:2      | Reached XP level 4. HP: 16/31 MP: 0/0
  1699 | D:3      | Noticed a scorpion
  1703 | D:3      | Killed a scorpion
  1704 | D:3      | Reached skill level 5 in Spellcasting
  1704 | D:3      | Reached skill level 5 in Conjurations
  1704 | D:3      | Reached skill level 5 in Hexes
  1704 | D:3      | Reached skill level 5 in Summonings
  1704 | D:3      | Reached skill level 5 in Necromancy
  1704 | D:3      | Reached skill level 5 in Translocations
  1704 | D:3      | Reached skill level 5 in Fire Magic
  1704 | D:3      | Reached skill level 5 in Ice Magic
  1704 | D:3      | Reached skill level 5 in Air Magic
  1704 | D:3      | Reached skill level 5 in Earth Magic
  1704 | D:3      | Reached skill level 5 in Alchemy
  1704 | D:3      | Reached XP level 5. HP: 31/35 MP: 0/0
  1704 | D:3      | Learned a level 2 spell: Mercury Vapours
  1869 | D:3      | Reached XP level 6. HP: 22/40 MP: 0/0
  2137 | D:3      | Noticed an ogre
  2144 | D:3      | Killed an ogre
  2145 | D:3      | Reached skill level 6 in Translocations
  2146 | D:3      | Noticed Pargi
  2155 | D:3      | Killed Pargi
  2156 | D:3      | Reached XP level 7. HP: 36/45 MP: 0/0
  2156 | D:3      | Learned a level 2 spell: Searing Ray
  2679 | D:4      | Noticed Eustachio
  2826 | D:4      | Reached skill level 7 in Translocations
  2957 | D:4      | Found a glowing golden altar of the Shining One.
  3036 | D:4      | Found a hazy altar of Hepliaklqana.
  3074 | D:4      | You are sucked into a shaft and drop 1 floor!
  3074 | D:5      | Entered Level 5 of the Dungeon
  3078 | D:5      | Noticed Sigmund
  3087 | D:5      | Killed Sigmund
  3088 | D:5      | Reached XP level 8. HP: 43/50 MP: 0/0
  3693 | D:3      | Killed Eustachio
  3694 | D:3      | Reached skill level 8 in Translocations
  3718 | D:5      | Identified a scroll of acquirement
  3718 | D:5      | Acquired a manual of Translocations
  3770 | D:5      | Reached skill level 1 in Armour
  3947 | D:5      | Found a sparkling altar of Nemelex Xobeh.
  4393 | D:5      | Reached XP level 9. HP: 50/55 MP: 0/0
  4393 | D:5      | Learned a level 4 spell: Dimensional Bullseye
  4424 | D:5      | Found a runed translucent door.
  4425 | D:5      | Noticed Crazy Yiuf
  4865 | D:5      | Killed Crazy Yiuf
  4866 | D:5      | Reached skill level 5 in Armour
  4882 | D:5      | Identified the +5 hammer "Muoxuob" {flame, ^Drain rCorr
                  | Int+4}
  5135 | D:6      | Reached skill level 9 in Translocations
  5531 | D:6      | Reached skill level 10 in Translocations
  6067 | D:6      | Reached skill level 11 in Translocations
  6356 | D:6      | Found Camnisuo's Tiny Tomes.
  6451 | D:6      | Found a staircase to the Ecumenical Temple.
  6584 | D:6      | Reached skill level 10 in Spellcasting
  6584 | D:6      | Reached skill level 10 in Conjurations
  6584 | D:6      | Reached skill level 10 in Hexes
  6584 | D:6      | Reached skill level 10 in Summonings
  6584 | D:6      | Reached skill level 10 in Necromancy
  6584 | D:6      | Reached skill level 10 in Fire Magic
  6584 | D:6      | Reached skill level 10 in Ice Magic
  6584 | D:6      | Reached skill level 10 in Air Magic
  6584 | D:6      | Reached skill level 10 in Earth Magic
  6584 | D:6      | Reached skill level 10 in Alchemy
  6777 | D:7      | Reached XP level 10. HP: 59/60 MP: 0/0
  6825 | D:7      | Found a flagged portal.
  6839 | Bailey   | Entered a bailey
  6931 | Bailey   | Reached skill level 12 in Translocations
  7114 | Bailey   | Reached skill level 13 in Translocations
  7325 | Bailey   | Noticed an orc warlord
  7372 | Bailey   | Killed an orc warlord
  7373 | Bailey   | Reached skill level 14 in Translocations
  7738 | D:7      | HP: 1/60 [orc priest/divine providence (14)]
  8027 | D:7      | Identified the +9 quarterstaff of Dung {flame, rN+}
  8171 | D:7      | Reached XP level 11. HP: 51/65 MP: 0/0
  8171 | D:7      | Learned a level 4 spell: Animate Armour
  8508 | D:7      | Found an iron altar of Okawaru.
  8642 | D:7      | Found a white marble altar of Elyvilon.
  8748 | D:8      | Reached skill level 5 in Dodging
  8840 | D:8      | HP: 3/65 [red devil/+0 trident (13)]
  8840 | D:8      | Mangled by an orc warrior

Illustrated notes

Levels and vault maps discovered:
D:1:      amcnicky_arrival_gap_in_the_tavern_cellar, layout_basic, fountainhead,
          hangedman_decor_peaks_small
D:2:      kennysheep_six_static_rooms, layout_basic, basic_altar,
          minmay_hedge_maze
D:3:      layout_rooms, uniq_pargi
D:4:      layout_basic, worldfamousw_hep_ancestral_shrine, tso_metal_star,
          uniq_eustachio
D:5:      layout_basic, mainiacjoe_overflow_tiny_flanked,
          nemelex_diamond_rough_becter, minmay_pentangle,
          uniq_crazy_yiuf_cottage, uniq_sigmund
D:6:      kennysheep_kobold_camp, layout_layer_cave,
          minmay_temple_entry_poolview, serial_bayou_pond_d,
          nicolae_shop_i_like_small_books_too, kennysheep_small_spiral
D:7:      layout_cave_pools, nicolae_overflow_hidden_temple, lemuel_round_altar,
          okawaru_altar_gauntlet_db, enter_bailey_4, grunt_decor_arrowhead,
          minivault_10
D:8:      layout_cave_pods, dreamdust_mushroom_princess,
          einodemon_armed_red_devil_minivault

Skill      XL: |  1  2  3  4  5  6  7  8  9 10 11 |
---------------+----------------------------------+-----
Spellcasting   | 4 5 6 7 8 10 11 | 11.9
Conjurations   | 4 5 6 7 8 10 11 | 11.9
Hexes          | 4 5 6 7 8 10 11 | 11.9
Summonings     | 4 5 6 7 8 10 11 | 11.9
Necromancy     | 4 5 6 7 8 10 11 | 11.9
Translocations | 4 5 6 7 8 11 14 | 14.6
Fire Magic     | 4 5 6 7 8 10 11 | 11.9
Ice Magic      | 4 5 6 7 8 10 11 | 11.9
Air Magic      | 4 5 6 7 8 10 11 | 11.9
Earth Magic    | 4 5 6 7 8 10 11 | 11.9
Alchemy        | 4 5 6 7 8 10 11 | 11.9
Armour         | 4 5 |  5.0
Dodging        | 3 6 |  6.8
Stealth        | |  1.5

Action                     |  1- 3 |  4- 6 |  7- 9 | 10-12 || total
---------------------------+-------+-------+-------+-------++-------
  Melee: Unarmed           |     1 |       |     2 |       ||     3
         Mace              |       |       |     1 |     4 ||     5
   Cast: Necrotise         |    37 |    19 |    16 |     8 ||    80
         Magic Dart        |    23 |    72 |   121 |    43 ||   259
         Vampiric Draining |       |    14 |    72 |   122 ||   208
         Searing Ray       |       |       |    16 |     3 ||    19
         Mercury Vapours   |       |       |    24 |    39 ||    63
         Animate Dead      |       |       |     8 |    11 ||    19
         Animate Armour    |       |       |       |     1 ||     1
    Use: Scroll            |     4 |       |    10 |    12 ||    26
         Potion            |       |       |       |     1 ||     1
 Armour: Robe              |     5 |    14 |       |       ||    19
         Ring mail         |       |       |    17 |       ||    17
         Leather armour    |       |       |    47 |    73 ||   120
  Dodge: Dodged            |     6 |     5 |    41 |    51 ||   103
  Block: Other             |     4 |     3 |    19 |       ||    26
         Buckler           |       |       |     1 |    58 ||    59
         Reflection        |       |       |       |     2 ||     2

Table legend: (Time is in decaauts)
 A = Elapsed time spent in this place.
 B = Non-inter-level travel time spent in this place.
 C = Inter-level travel time spent in this place.
 D = Time resting spent in this place.
 E = Time spent auto-exploring this place.
 F = Levels seen in this place.
 G = Mean time per level.
                   A        B        C        D        E       F      G
               +--------+--------+--------+--------+--------+-----+--------+
         Total |   8849 |   8429 |    420 |    960 |   5967 |   9 |  983.2 |
       Dungeon |   8075 |   7655 |    420 |    928 |   5430 |   8 | 1009.4 |
        Bailey |    774 |    774 |      0 |     32 |    537 |   1 |  774.0 |
               +--------+--------+--------+--------+--------+-----+--------+

Top non-repeatable levels by time:
     D:6: 1769 daAuts
     D:5: 1306 daAuts
     D:7: 1163 daAuts
     D:2: 1072 daAuts
     D:3: 1041 daAuts
     D:4: 955 daAuts
  Bailey: 774 daAuts
     D:1: 625 daAuts
     D:8: 141 daAuts
